 Dungeon Crawl Stone Soup version 0.27.1 (webtiles) character file.

Game seed: 9310617530987666911

15109 acemry the Devastator (level 11, -3/54 HPs)
             Began as a Deep Elf Conjurer on Sept 3, 2021.
             Was an Elder of Vehumet.
             Slain by a catoblepas (11 damage)
             ... while petrified by a catoblepas
             ... on level 13 of the Dungeon.
             The game lasted 01:10:12 (15884 turns).

acemry the Devastator (Deep Elf Conjurer)          Turns: 15884, Time: 01:10:12

Health: -3/54      AC: 10    Str:  4    XL:     11   Next: 97%
Magic:  16/27      EV:  2    Int: 25    God:    Vehumet [****..]
Gold:   719        SH:  0    Dex: 16    Spells: 13/31 levels left

rFire    + . .     SeeInvis .   p - +10 mace of Calculation {protect, Will+ Dex+3}
rCold    + . .     Faith    .   (no shield)
rNeg     + + +     Spirit   .   o - +2 robe {rC+}
rPois    ∞         Reflect  .   (no helmet)
rElec    .         Harm     .   q - +2 cloak
rCorr    .         Rampage  .   x - +0 pair of gloves
Will     ++...     Clarity  +   N - +1 pair of boots of Goufaon {Slay+3}
Stlth    +++.......             (no amulet)
HPRegen  0.18/turn              g - ring of protection from fire
MPRegen  0.20/turn              m - +4 ring of evasion

@: petrified
A: clarity, dopey 1, MP-powered wands
a: Renounce Religion


You were on level 13 of the Dungeon.
You worshipped Vehumet.
Vehumet was greatly pleased with you.
You visited 1 branch of the dungeon, and saw 13 of its levels.

You collected 719 gold pieces.

Inventory:

Hand Weapons
 e - a +1 dagger of draining
 l - a +0 vampiric whip
 p - the +10 mace of Calculation (weapon) {protect, Will+ Dex+3}
   (You found it on level 4 of the Dungeon)

   It grants its wielder temporary protection when it strikes (+7 to AC).
   Dex:       It affects your dexterity (+3).
   Will:      It increases your willpower.
 s - a +3 vorpal hunting sling
 y - the +9 whip of Gallantry {vorpal, +Rage Fly rPois}
   (You found it on level 8 of the Dungeon)

   It inflicts extra damage upon your enemies.
   rPois:     It protects you from poison.
   Fly:       It grants you flight.
   +Rage:     It lets you go berserk.
 L - the +8 quarterstaff of Wyrd {vorpal, rN+}
   (You found it on level 12 of the Dungeon)

   It inflicts extra damage upon your enemies.
   rN:        It protects you from negative energy.
Missiles
 c - 2 throwing nets
 f - 105 poisoned darts (quivered)
 j - 6 atropa-tipped darts
 z - 3 curare-tipped darts
Armour
 a - a +1 robe
 o - a +2 robe of cold resistance (worn)
 q - a +2 cloak (worn)
 r - +0 steam dragon scales
 x - a +0 pair of gloves (worn)
 D - a +0 pair of boots
 E - a +0 troll leather armour
 N - the +1 pair of boots of Goufaon (worn) {Slay+3}
   (You found it on level 12 of the Dungeon)

   Slay:      It affects your accuracy & damage with ranged weapons and melee
   (+3).
Jewellery
 b - a ring of resist corrosion
 g - a ring of protection from fire (left hand)
 m - a +4 ring of evasion (right hand)
 K - a ring of protection from fire
 T - a +6 ring of dexterity
Wands
 t - a wand of flame (18)
 w - a wand of charming (8)
 M - a wand of acid (8)
 P - a wand of paralysis (5)
 S - a wand of iceblast (15)
Scrolls
 d - 3 scrolls of teleportation
 k - 3 scrolls of fog
 u - a scroll of blinking
 A - 4 scrolls of identify
 B - 2 scrolls of enchant armour
 F - a scroll of amnesia
 G - 3 scrolls of enchant weapon
 J - a scroll of magic mapping
 Q - a scroll of fear
 R - a scroll of immolation {unknown}
Potions
 h - 2 potions of flight
 i - a potion of ambrosia
 n - 4 potions of curing
 v - 3 potions of attraction
 H - 2 potions of lignification
 I - a potion of haste
 O - a potion of brilliance
Miscellaneous
 C - a piece from Xom's chessboard (15/15)


   Skills:
 + Level 8.0 Dodging
 - Level 5.9 Stealth
 + Level 10.5 Spellcasting
 + Level 15.8 Conjurations
 + Level 5.0 Hexes
 + Level 2.7 Translocations
 + Level 4.6 Air Magic


You had 13 spell levels left.
You knew the following spells:

 Your Spells              Type           Power      Damage    Failure   Level
a - Magic Dart            Conj           100%       1d8       0%          1
b - Searing Ray           Conj           100%       3d7       0%          2
c - Iskenderun's Mystic   Conj/Tloc      56%        2d12      1%          4
d - Fulminant Prism       Conj/Hex       30%        3d16      1%          4
e - Blink                 Tloc           N/A        N/A       2%          2
f - Lightning Bolt        Conj/Air       29%        1d46      1%          5

Your spell library contained the following spells:

 Spells                   Type           Power      Damage    Failure   Level
 Eringya's Noxious Bog    Tmut/Pois      6%         N/A       83%         6
 Corona                   Hex            42%        N/A       1%          1
 Foxfire                  Conj/Fire      100%       2x1d9     1%          1
 Freeze                   Ice            52%        1d7       1%          1
 Shock                    Conj/Air       100%       1d9       1%          1
 Conjure Flame            Conj/Fire      51%        6-21      1%          3
 Dazzling Flash           Conj/Hex       100%       N/A       1%          3
 Inner Flame              Hex/Fire       25%        N/A       1%          3
 Swiftness                Air            36%        N/A       1%          3
 Airstrike                Air            18%        N/A       1%          4
 Hailstorm                Conj/Ice       51%        3d11      1%          4
 Frozen Ramparts          Ice            26%        1d4       4%          3
 Passwall                 Tmut/Erth      10%        N/A       7%          2
 Summon Lightning Spire   Summ/Air       24%        N/A       19%         4
 Manifold Assault         Tloc           27%        N/A       38%         5
 Invisibility             Hex            19%        N/A       65%         6
 Storm Form               Tmut/Air       12%        N/A       100%        7


Dungeon Overview and Level Annotations

Branches:
Dungeon (13/15)            Temple (0/1) D:6            Lair (0/6) D:11
    Orc (0/2) D:12
 Vaults: D:13-14

Altars:
Ashenzari
Cheibriados
Hepliaklqana
Kikubaaqudgha
Makhleb
Okawaru
Qazlal
Sif Muna
Uskayaw
Vehumet
Xom
The Shining One

Annotations:
D:9 1 runed translucent door, robertstho's ghost, journeyman DjFE


Innate Abilities, Weirdness & Mutations

You possess an exceptional clarity of mind.
You are dopey. (Int -2)
You expend magic power (3 MP) to strengthen your wands.


Message History

The catoblepas is severely wounded. (Press . to maintain the ray.)
The catoblepas misses you.
The searing ray hits the catoblepas!
The catoblepas is severely wounded.
The catoblepas gores you!
The searing ray hits the catoblepas.
The catoblepas is almost dead.
The catoblepas breathes a plume of calcifying dust at you.
The blast of calcifying dust hits you but does no damage.
The searing ray hits the catoblepas!
The catoblepas is almost dead.
You finish channeling your searing ray.
You are engulfed in calcifying dust.
You are slowing down.
The catoblepas breathes a plume of calcifying dust at you.
The blast of calcifying dust hits you.
The catoblepas breathes a plume of calcifying dust at you.
The blast of calcifying dust hits you. The catoblepas gores you.
Your limbs are stiffening.
You are engulfed in calcifying dust.
Your limbs have turned to stone.
The catoblepas barely misses you.
A tengu conjurer comes into view.
You have turned to stone.
You are engulfed in calcifying dust.
The catoblepas gores you but does no damage.
You are engulfed in calcifying dust.
The catoblepas gores you! The catoblepas gores you!!
A wraith comes into view.
The catoblepas gores you!!
* * * LOW HITPOINT WARNING * * *
The catoblepas gores you but does no damage.
The boulder beetle leaps!
The catoblepas breathes a plume of calcifying dust at you.
The blast of calcifying dust hits you.
* * * LOW HITPOINT WARNING * * *
The tengu conjurer hits you but does no damage.
The tengu conjurer pecks you but does no damage.
The tengu conjurer claws you but does no damage.
You are engulfed in calcifying dust.
The catoblepas gores you!!
You die...

#### .. ##...###
#.#.
##.....>#+#..(...
#............#...
##................
.............W..#.
#....§§@Y...B.....
####....Q.......#.
#......°.......
####...........
#....:......
#..$........
##........##
#........#
..........#


You could see a catoblepas, a boulder beetle, a wraith and a tengu conjurer.

Vanquished Creatures
  A hydra (D:12)
  5 two-headed ogres
  A cyclops (D:10)
  Maggie (D:8)
  2 unseen horrors (D:11)
  4 trolls
  A vampire (D:7)
  2 shadows
  A wyvern (D:10)
  3 yaks (D:11)
  Grum (D:8)
  4 vampire mosquitoes (D:12)
  2 steam dragons (D:6)
  Edmund (D:6)
  An acid dragon (D:12)
  2 water moccasins
  10 orc warriors
  3 sky beasts
  2 necrophages (D:5)
  6 ogres
  3 centaurs
  4 wolves (D:8)
  5 kobold brigands
  2 gnoll sergeants (D:12)
  3 scorpions
  9 bullfrogs
  12 killer bees
  13 wights
  5 howler monkeys
  7 crimson imps (D:12)
  2 hounds
  A bullfrog zombie (D:5)
  3 centaur zombies
  A jelly (D:6)
  6 orc priests
  A gnoll shaman (D:6)
  Crazy Yiuf (D:4)
  2 centaur skeletons (D:6)
  3 bullfrog skeletons
  5 iguanas
  A scorpion zombie (D:5)
  14 orc wizards
  2 hound skeletons (D:5)
  A howler monkey skeleton (D:7)
  3 adders
  13 gnolls
  A shadow imp (D:5)
  3 white imps
  An ufetubus (D:5)
  2 dart slugs
  50 orcs
  7 ball pythons
  7 endoplasms
  4 giant cockroaches
  7 goblins
  10 hobgoblins
  20 kobolds
  A quokka (D:3)
  7 bats
  2 frilled lizards
  6 rats
303 creatures vanquished.

Vanquished Creatures (others)
  2 fulminant prisms
  20 fungi (D:11)
  16 plants
38 creatures vanquished.

Grand Total: 341 creatures vanquished

Notes
Turn   | Place    | Note
-------+----------+-------------------------------------------
     0 | D:1      | acemry the Deep Elf Conjurer began the quest for the Orb.
     0 | D:1      | Reached XP level 1. HP: 10/10 MP: 6/6
    36 | D:1      | Found a faded altar of an unknown god.
    54 | D:1      | Got Plato's Compendium of Arcane Weapons
   156 | D:1      | Reached XP level 2. HP: 15/15 MP: 5/8
   233 | D:1      | Reached skill level 5 in Conjurations
   605 | D:1      | Reached XP level 3. HP: 19/19 MP: 3/9
   610 | D:1      | Learned a level 2 spell: Searing Ray
  1654 | D:2      | Reached XP level 4. HP: 24/24 MP: 5/11
  2138 | D:2      | Reached skill level 6 in Conjurations
  3009 | D:3      | Found a shimmering altar of Xom.
  3187 | D:3      | Found a snail-covered altar of Cheibriados.
  3235 | D:3      | Noticed a water moccasin
  3238 | D:3      | Killed a water moccasin
  3239 | D:3      | Reached XP level 5. HP: 28/28 MP: 9/14
  3338 | D:3      | Learned a level 4 spell: Iskenderun's Mystic Blast
  3343 | D:3      | Learned a level 4 spell: Fulminant Prism
  3643 | D:4      | Noticed a +0 hand axe
  3644 | D:4      | Found a hide-covered altar of Uskayaw.
  3644 | D:4      | Noticed a +0 dagger
  3857 | D:4      | Reached skill level 7 in Conjurations
  3921 | D:4      | Noticed a sky beast
  3936 | D:4      | Killed a sky beast
  3937 | D:4      | Reached XP level 6. HP: 25/32 MP: 9/15
  4466 | D:4      | Found a runed translucent door.
  4467 | D:4      | Noticed Crazy Yiuf
  4468 | D:4      | Identified the +10 mace of Calculation {protect, Will+
                  | Dex+3}
  4477 | D:4      | Killed Crazy Yiuf
  4574 | D:5      | Entered Level 5 of the Dungeon
  4597 | D:5      | Reached skill level 8 in Conjurations
  4750 | D:5      | Learned a level 2 spell: Blink
  4798 | D:5      | Reached XP level 7. HP: 36/36 MP: 9/16
  4887 | D:5      | Reached skill level 9 in Conjurations
  4940 | D:5      | Found a radiant altar of Vehumet.
  4941 | D:5      | Found an ancient bone altar of Kikubaaqudgha.
  4942 | D:5      | Found a shimmering blue altar of Sif Muna.
  4950 | D:5      | Got Sif Muna's Almanac of Curses
  4958 | D:5      | Became a worshipper of Vehumet
  5378 | D:5      | Reached XP level 8. HP: 41/41 MP: 8/17
  5585 | D:5      | Reached skill level 10 in Conjurations
  5589 | D:5      | Gained mutation: You are dopey. (Int -2) [potion of
                  | mutation]
  5589 | D:5      | Gained mutation: You possess an exceptional clarity of
                  | mind. [potion of mutation]
  5589 | D:5      | Gained mutation: You expend magic power (3 MP) to
                  | strengthen your wands. [potion of mutation]
  6231 | D:6      | Reached skill level 5 in Stealth
  6231 | D:6      | Reached skill level 1 in Hexes
  6281 | D:6      | Found a staircase to the Ecumenical Temple.
  6416 | D:6      | Reached skill level 11 in Conjurations
  6416 | D:6      | Reached skill level 1 in Translocations
  6591 | D:6      | Reached * piety under Vehumet
  6591 | D:6      | Offered knowledge of Freeze by Vehumet.
  7000 | D:6      | Reached XP level 9. HP: 45/45 MP: 12/18
  7216 | D:6      | Noticed Edmund
  7225 | D:6      | Killed Edmund
  7868 | D:7      | Found an iron altar of Okawaru.
  7963 | D:7      | Reached skill level 12 in Conjurations
  8422 | D:7      | Found a flagged portal.
  8454 | D:7      | Offered knowledge of Sandblast by Vehumet.
  8602 | D:7      | Found a hazy altar of Hepliaklqana.
  8816 | D:8      | Reached ** piety under Vehumet
  8914 | D:8      | Identified the +9 whip of Gallantry {vorpal, +Rage Fly
                  | rPois}
  8949 | D:8      | Reached skill level 13 in Conjurations
  9020 | D:8      | Noticed Maggie
  9030 | D:8      | Killed Maggie
  9228 | D:8      | Reached XP level 10. HP: 34/50 MP: 13/19
  9272 | D:8      | Offered knowledge of Ignite Poison by Vehumet.
  9371 | D:8      | Reached skill level 5 in Dodging
  9476 | D:8      | Noticed Grum
  9490 | D:8      | Reached skill level 5 in Hexes
  9509 | D:8      | Killed Grum
  9745 | D:8      | Reached *** piety under Vehumet
  9752 | D:8      | Learned a level 5 spell: Lightning Bolt
 10375 | D:9      | Reached skill level 5 in Spellcasting
 10379 | D:9      | Reached skill level 14 in Conjurations
 10422 | D:9      | Found a burning altar of Makhleb.
 10579 | D:9      | Reached skill level 1 in Air Magic
 10582 | D:9      | Noticed robertstho's ghost (journeyman DjFE)
 10652 | D:9      | Found a runed translucent door.
 10671 | D:9      | Offered knowledge of Mephitic Cloud by Vehumet.
 10723 | D:9      | Found a stormy altar of Qazlal.
 10951 | D:9      | Found a glowing golden altar of the Shining One.
 10987 | D:9      | Found a broken altar of Ashenzari.
 11032 | D:9      | Noticed a two-headed ogre
 11042 | D:9      | Killed a two-headed ogre
 11775 | D:10     | Entered Level 10 of the Dungeon
 11853 | D:10     | Noticed a cyclops
 11860 | D:10     | Killed a cyclops
 12400 | D:10     | Reached **** piety under Vehumet
 12508 | D:10     | Reached XP level 11. HP: 54/54 MP: 20/24
 12781 | D:11     | Offered knowledge of Hailstorm by Vehumet.
 12783 | D:11     | Reached skill level 15 in Conjurations
 13046 | D:11     | Noticed a two-headed ogre
 13080 | D:12     | Noticed a two-headed ogre
 13082 | D:12     | Noticed a two-headed ogre
 13090 | D:11     | Killed a two-headed ogre
 13092 | D:11     | Killed a two-headed ogre
 13527 | D:11     | Found a staircase to the Lair.
 14114 | D:11     | Killed a two-headed ogre
 14339 | D:12     | Identified the +8 quarterstaff of Wyrd {vorpal, rN+}
 14391 | D:12     | Identified the +1 pair of boots of Goufaon {Slay+3}
 14504 | D:12     | Reached ***** piety under Vehumet
 14730 | D:12     | Offered knowledge of Eringya's Noxious Bog by Vehumet.
 15061 | D:12     | Found a staircase to the Orcish Mines.
 15087 | D:12     | Reached skill level 10 in Spellcasting
 15345 | D:12     | Noticed a two-headed ogre
 15360 | D:12     | Killed a two-headed ogre
 15426 | D:12     | Noticed a six-headed hydra
 15433 | D:12     | Killed a six-headed hydra
 15808 | D:13     | Noticed a catoblepas
 15811 | D:13     | Noticed a boulder beetle
 15884 | D:13     | Slain by a catoblepas

Illustrated notes

Levels and vault maps discovered:
D:1:      minmay_arrival_hallway, layout_loops_ring,
          shapermc_ecumenical_altar_rom_forum, st_stairs_4
D:2:      layout_loops_corners
D:3:      layout_basic, mainiacjoe_overflow_alcove_4, kennysheep_slug_shrine
D:4:      layout_loops_corners, dancing_weapons_uskayaw, uniq_crazy_yiuf_cottage
D:5:      layout_loops_cross, grunt_temple_overflow_magic_moments,
          minmay_increasing_density
D:6:      layout_layer_cave, minmay_temple_entry_tees, uniq_edmund
D:7:      layout_basic, okawaru_altar_gauntlet_db, lemuel_crystal_altar,
          enter_bailey_4
D:8:      layout_basic, special_room [special_room_orc], wad_dig_loot,
          uniq_grum, uniq_maggie
D:9:      layout_roguey, mainiacjoe_overflow_tiny_flanked, lemuel_round_altar,
          mainiacjoe_overflow_two_lobes, hellmonk_ghost_happy_afterlife
D:10:     layout_loops_ring, hangedman_decor_diamond_cutter,
          hangedman_abyss_or_decor_passed
D:11:     layout_loops_cross, grunt_lair_entry_orc_guard_hut
D:12:     layout_basic, kennysheep_orc_monster_closet_entryway, minmay_nine_imps
D:13:     layout_rooms, david_vaults_4, serial_shops, kennysheep_mini, hex_tiny

Skill      XL: |  1  2  3  4  5  6  7  8  9 10 11 |
---------------+----------------------------------+-----
Conjurations   | 5 6 7 8 9 11 13 14 15 | 15.8
Spellcasting   | 4 7 10 | 10.5
Stealth        | 3 4 5 |  5.9
Dodging        | 3 4 6 8 |  8.0
Hexes          | 2 4 5 |  5.0
Translocations | 1 2 |  2.7
Air Magic      | 3 4 |  4.6

Action                   |  1- 3 |  4- 6 |  7- 9 | 10-12 || total
-------------------------+-------+-------+-------+-------++-------
Melee: Mace              |       |     4 |    11 |    13 ||    28
Throw: Dart              |     1 |       |       |       ||     1
 Cast: Magic Dart        |    62 |    58 |   120 |   117 ||   357
       Searing Ray       |     1 |    11 |    58 |    92 ||   162
       Blink             |       |       |     3 |     4 ||     7
       Iskenderun's Myst |       |       |       |     2 ||     2
       Fulminant Prism   |       |       |       |     2 ||     2
       Lightning Bolt    |       |       |       |     1 ||     1
  Use: Scroll            |     4 |     5 |     7 |     5 ||    21
       Potion            |       |       |     5 |     2 ||     7
Armor: Robe              |     1 |     5 |    14 |    54 ||    74
Dodge: Dodged            |     1 |     9 |    76 |   132 ||   218
